Match 45204435
Unlisted

Match 45204435
End
Scout Squad
Construct Barracks
Selects Armored Battlegroup
1⁄4-ton 4x4 Truck
Selects Veteran Crews
Riflemen Squad
Riflemen Squad
Grenade Package
Riflemen Squad
Construct Medical Station
Air Support Center
Selects Strength in Steel
Construct Motor Pool
M24 Chaffee Light Tank
Engineer Squad
Selects Seek and Destroy
M1918 Browning Automatic Rifles
M1 Mortar Team
Construct Tank Depot
Grasshopper Recon Run
Selects UNKNOWN (2160077)
Selects M31 Recovery Vehicle
Selects War Machine
P-47 Strafing Run
M4A3E8 Sherman Easy Eight
Grasshopper Recon Run
M4A3E8 Sherman Easy Eight
M4A3E8 Sherman Easy Eight
P-47 Strafing Run
M4A3E8 Sherman Easy Eight
Grasshopper Recon Run
Polka_Pete
≫ Igor
0
0

Comments sign in to comment!

No comments posted yet!